 Dungeon Crawl Stone Soup version 0.31-a0-810-ga77100ea1a (webtiles) character file.

Game seed: 12125610682599262820

18 ytrimaz the Changeling (level 2, -1/18 HPs)
             Began as an Octopode Shapeshifter on Sept 21, 2023.
             Frozen to death by an endoplasm (4 damage)
             ... on level 1 of the Dungeon.
             The game lasted 00:00:29 (291 turns).

ytrimaz the Changeling (Octopode Shapeshifter)       Turns: 291, Time: 00:00:30

Health: -1/18      AC:  1    Str: 13    XL:     2   Next: 66%
Magic:  2/2        EV: 13    Int: 12    God:
Gold:   23         SH:  0    Dex: 11    Spells: 1/1 levels left

rFire   . .          .
                       - Unarmed
rCold   . . .        (no shield)
rNeg    . . .        (helmet currently unavailable)
rPois   .            (no amulet)
rElec   .            i - ring of willpower
rCorr   .            (no ring)
SInv    .            (no ring)
Will    +....        (no ring)
Stlth   +++          (no ring)
HPRegen 0.23/turn    (no ring)
MPRegen 0.08/turn    (no ring)
                     (no ring)

%: no passive effects
@: beast-form
A: beast (slay +1), almost no armour, amphibious, 8 rings, camouflage 1,
gelatinous body 1, (nimble swimmer 1), tentacles
a: Begin Untransformation


You were on level 1 of the Dungeon.
You were a hulking beast.
You visited 1 branch of the dungeon, and saw 1 of its levels.

You collected 23 gold pieces.


Innate Abilities, Weirdness & Mutations

You are a hulking beast.
Your limbs bulge with bestial killing power. (Slay +1)
You cannot wear most types of armour.
You are amphibious.
You can wear up to eight rings at the same time.
Your skin changes colour to match your surroundings (Stealth+).
Your rubbery body absorbs attacks. (AC +1, EV +1)
((You are camouflaged when in or above water. (Stealth+)))
You have tentacles for arms and can constrict up to eight enemies at once.


   Skills:
 - Level 1.0 Fighting
 - Level 2.0 Dodging
 * Level 2.6 Stealth
 - Level 3.0 Unarmed Combat
 + Level 3.2 Shapeshifting


You had one spell level left.
You didn't know any spells.
Your spell library was empty.

Inventory:

Jewellery
 i - a ring of willpower (left tentacle)
   (You found it on level 1 of the Dungeon)
Talismans
 b - a beast talisman (active)
 c - a flux talisman
Scrolls
 e - a scroll of noise {unknown}
 g - a scroll of blinking {unknown}
 h - a scroll of teleportation {unknown}
Potions
 a - a potion of lignification
 d - a potion of heal wounds {unknown}
 f - a potion of degeneration {unknown}

Dungeon Overview and Level Annotations

Branches:
Dungeon (1/15) Zot: 5710

Altars:

# . ..####.# #.
#..>.#.##########
..
#................
###. #
#................
..#. .. ......##r#
..# ... #...#.##h#
#. ?... #rg##.##J#
## .....#.g##.##.#
#. ......J.##.#..#
## ........##..#.##
#.
..........r.)..##
##
..............#.#.
#.
......#.#..#...##.#
#.# ##
.....#.#.#....###.#
#.# #.


You could see an endoplasm and a rat.


Message History

The hobgoblin shouts! x2
A rat comes into view.
You tentacle-slap the jackal. Your grab misses the jackal.
Your squeeze misses the jackal. The jackal barely misses you.
The jackal completely misses you.
You closely miss the jackal. Your grab misses the jackal. The jackal bites you.
The jackal completely misses you. The jackal closely misses you. 😕 HP[-1]
You take 1 damage, and now have 17/18 hp.
You tentacle-slap the jackal.
You kill the jackal!
The jackal barely misses you.
Unknown command.
A rat comes into view.
The goblin attacks as it pursues you! The goblin hits you with a +0 dagger.
The jackal bites you. 😮 HP[-4]
You take 4 damage, and now have 13/18 hp.
MASSIVE DAMAGE!! (PAUSE)
The jackal attacks as it pursues you! The jackal barely misses you.
The jackal attacks as it pursues you! The jackal barely misses you. 😕 HP[+1]
The jackal attacks as it pursues you! The jackal misses you.
The jackal closely misses you. The jackal barely misses you. 😕 HP[+1]
You tentacle-slap the jackal. Your grab misses the jackal.
The jackal bites you but does no damage.
The jackal bites you. 😮 HP[-2]
You take 2 damage, and now have 13/18 hp.
You closely miss the jackal. You grab the jackal. You constrict the jackal.
The jackal misses you.
The rat twitches its whiskers.
You release your grip on the jackal.
The jackal closely misses you. 😕 HP[+1]
The jackal attacks as it pursues you! The jackal misses you.
You barely miss the jackal. Your grab misses the jackal.
The jackal barely misses you.
The jackal bites you but does no damage.
You closely miss the jackal. Your grab misses the jackal.
You squeeze the jackal.
You kill the jackal!
Unknown command.
You tentacle-slap the rat.
You kill the rat! 😕 HP[+1]
The hobgoblin closely misses you.
You see here a rat corpse.
Unknown command.
You tentacle-slap the hobgoblin. Your grab misses the hobgoblin.
The hobgoblin hits you. 😕 HP[-1]
You take 1 damage, and now have 14/18 hp.
You tentacle-slap the hobgoblin. You grab the hobgoblin.
You constrict the hobgoblin, but do no damage.
The hobgoblin barely misses you.
Unknown command.
You completely miss the hobgoblin.
You squeeze the hobgoblin, but do no damage.
You constrict the hobgoblin.
You kill the hobgoblin! 😕 HP[+1] Unknown command.
You tentacle-slap the goblin. Your grab misses the goblin.
The goblin hits you with a +0 dagger. 😮 HP[-2]
You take 2 damage, and now have 13/18 hp.
You barely miss the goblin. You grab the goblin. You squeeze the goblin.
You kill the goblin!
Unknown command.
You barely miss the hobgoblin. You grab the hobgoblin.
You constrict the hobgoblin. The hobgoblin hits you. 😮 HP[-3]
You take 3 damage, and now have 10/18 hp.
You tentacle-slap the hobgoblin but do no damage.
You constrict the hobgoblin, but do no damage.
The hobgoblin hits you.
* * * LOW HITPOINT WARNING * * *
😨 HP[-3]
You take 3 damage, and now have 7/18 hp.
Unknown command.
You tentacle-slap the hobgoblin but do no damage.
You constrict the hobgoblin.
The hobgoblin barely misses you. 😨 HP[+1] Unknown command.
You barely miss the hobgoblin. You squeeze the hobgoblin.
You kill the hobgoblin!
You barely miss the endoplasm. The endoplasm freezes you.
You are frozen.
* * * LOW HITPOINT WARNING * * *
😱 HP[-4]
You take 4 damage, and now have 4/18 hp.
MASSIVE DAMAGE!! (PAUSE)
You tentacle-slap the endoplasm. The rat bites you.
* * * LOW HITPOINT WARNING * * *
The endoplasm freezes you.
You are frozen.
You die...

Skill      XL: |  1  2 |
---------------+-------+-----
Stealth        | 1 2 |  2.6
Fighting       | |  1.0
Dodging        | |  2.0
Unarmed Combat | |  3.0
Shapeshifting  | |  3.2

Action                     || total
---------------------------++-------
  Melee: Unarmed           ||    31
         Tentacles         ||     8
         Constrict         ||     7
 Armour: Skin              ||    15
  Dodge: Dodged            ||    25

Levels and vault maps discovered:
D:1:      tarquinn_simple_flora_water_e, layout_loops_ring,
          chequers_ecumenical_altar_simple_redux, minivault_27,
          minmay_statues_item, minivault_23

Notes
Turn   | Place    | Note
-------+----------+-------------------------------------------
     0 | D:1      | ytrimaz the Octopode Shapeshifter began the quest for the
                  | Orb.
     0 | D:1      | Reached XP level 1. HP: 13/13 MP: 1/1
     0 | D:1      | magus.rc [v1.9.6]
    71 | D:1      | Reached skill level 1 in Stealth
   223 | D:1      | Found a faded altar of an unknown god.
   227 | D:1      | Reached XP level 2. HP: 18/18 MP: 2/2
   229 | D:1      | Reached skill level 2 in Stealth
   290 | D:1      | HP: 4/18 [frozen (4)]
   291 | D:1      | Frozen to death by an endoplasm

Vanquished Creatures
  A dart slug (D:1)
  A bat (D:1)
  A goblin (D:1)
  3 hobgoblins (D:1)
  2 jackals (D:1)
  2 kobolds (D:1)
  2 frilled lizards (D:1)
  2 rats (D:1)
14 creatures vanquished.

Table legend:
 A = Non-vault XP
 B = Vault XP
 C = Vault XP percentage of total XP
 D = Non-vault monster count
 E = Vault monster count
 F = Vault count percentage of total count
                 A         B        C        D         E       F
            +---------+---------+-------+---------+---------+-------
      Total |      26 |       0 |   0.0 |      14 |       0 |   0.0
            +---------+---------+-------+---------+---------+-------
        D:1 |      26 |       0 |   0.0 |      14 |       0 |   0.0
            +---------+---------+-------+---------+---------+-------

Skill      XL: |  1  2 |
---------------+-------+-----
Stealth        | 1 2 |  2.6
Fighting       | |  1.0
Dodging        | |  2.0
Unarmed Combat | |  3.0
Shapeshifting  | |  3.2

Action                     || total
---------------------------++-------
  Melee: Unarmed           ||    31
         Tentacles         ||     8
         Constrict         ||     7
 Armour: Skin              ||    15
  Dodge: Dodged            ||    25

Illustrated notes

Table legend:
 A = Kills in this place as a percentage of kills in the entire game.
 B = Kills by you in this place as a percentage of kills by you in the entire game.
 C = Kills by friends in this place as a percentage of kills by friends in the entire game.
 D = Other kills in this place as a percentage of other kills in the entire game.
 E = Experience gained in this place as a percentage of experience gained in the entire game.
 F = Experience gained in this place divided by the number of levels of this place that you have seen.
                   A       B       C       D       E      F
               +-------+-------+-------+-------+-------+----------------------
         Total | 100.0 | 100.0 |   N/A |   N/A | 100.0 |  26.0
       Dungeon | 100.0 | 100.0 |   N/A |   N/A | 100.0 |  26.0
               +-------+-------+-------+-------+-------+----------------------

Table legend: (Time is in decaauts)
 A = Elapsed time spent in this place.
 B = Non-inter-level travel time spent in this place.
 C = Inter-level travel time spent in this place.
 D = Time resting spent in this place.
 E = Time spent auto-exploring this place.
 F = Levels seen in this place.
 G = Mean time per level.
                   A        B        C        D        E       F      G
               +--------+--------+--------+--------+--------+-----+--------+
         Total |    289 |    289 |      0 |      0 |    192 |   1 |  289.0 |
       Dungeon |    289 |    289 |      0 |      0 |    192 |   1 |  289.0 |
               +--------+--------+--------+--------+--------+-----+--------+

Top non-repeatable levels by time:
     D:1: 289 daAuts
